 Dungeon Crawl Stone Soup version 0.32-a0-711-g016ad743e0 (webtiles) character file.

Game seed: 16831940394444826553

1875 GeoRichter the Arsonist (level 8, -3/63 HPs)
             Began as a Mountain Dwarf Fire Elementalist on Mar 15, 2024.
             Was an Initiate of Cheibriados.
             Slain by a gnoll sergeant
             ... wielding a +0 trident
              (8 damage)
             ... on level 7 of the Dungeon.
             The game lasted 00:17:39 (8529 turns).

GeoRichter the Arsonist (MDFE)                      Turns: 8529, Time: 00:17:39

Health: -3/63      AC: 13    Str: 12    XL:     8   Next: 91%
Magic:  5/15       EV:  2    Int: 19    God:    Cheibriados [......]
Gold:   447        SH:  0    Dex: 11    Spells: 14/17 levels left

rFire   . . .        a - +4 short sword of Circular Logic {freeze, rPois}
rCold   + . .        k - +0 buckler
rNeg    . . .        b - +3 leather armour {rC+}
rPois   +            (no helmet)
rElec   .            (no cloak)
rCorr   .            j - +0 pair of gloves
SInv    .            c - +1 pair of boots
Will    .....        (no amulet)
Stlth   +            f - +5 ring of evasion
HPRegen 0.30/turn    n - +4 ring of protection
MPRegen 0.14/turn

%: no passive effects
@: sleeping, invisible, very slow
A: runic magic, artefact enchanting
a: Renounce Religion


You were on level 7 of the Dungeon.
You worshipped Cheibriados.
Cheibriados was noncommittal.
You visited 1 branch of the dungeon, and saw 7 of its levels.
You also visited: Sewer.

You collected 447 gold pieces.

Inventory:

Hand Weapons
 a - the +4 short sword of Circular Logic (weapon) {freeze, rPois}
   (You found it on level 5 of the Dungeon)

   rPois:     It protects you from poison.
Armour
 b - a +3 leather armour of cold resistance (worn)
   (You took it off Ijyb on level 3 of the Dungeon)
 c - a +1 pair of boots (worn)
   (You found it on level 4 of the Dungeon)
 j - a +0 pair of gloves (worn)
   (You found it on level 5 of the Dungeon)
 k - a +0 buckler (worn)
   (You found it on level 1 of the Dungeon)
Jewellery
 f - a +5 ring of evasion (left hand)
   (You found it on level 1 of the Dungeon)
 n - a +4 ring of protection (right hand)
   (You found it on level 3 of the Dungeon)
 r - a ring of poison resistance
   (You found it on level 6 of the Dungeon)
Wands
 d - a wand of roots (10)
   (You took it off Ijyb on level 3 of the Dungeon)
 o - a wand of flame (9)
   (You found it on level 6 of the Dungeon)
 p - a wand of mindburst (15)
   (You took it off a goblin on level 4 of the Dungeon)
Scrolls
 e - 2 scrolls of fog
 h - 2 scrolls of identify {@r1}
 m - 2 scrolls of vulnerability {!r}
 q - a scroll of butterflies {unknown}
 u - a scroll of revelation
 v - 2 scrolls of teleportation {@r4}
Potions
 g - a potion of enlightenment
 i - 2 potions of brilliance
 l - a potion of invisibility
 s - a potion of lignification {unknown}
 t - a potion of berserk rage {unknown}
 w - a potion of experience {unknown}
 z - a potion of mutation {unknown}
 A - a potion of heal wounds {unknown}
 B - 2 potions of might


   Skills:
 + Level 3.3 Fighting
 * Level 3.6 Armour
 - Level 1.3 Dodging
 - Level 1.4 Stealth
 - Level 5.1 Spellcasting
 - Level 4.8 Conjurations
 - Level 9.0 Fire Magic
 + Level 0.6 Invocations


You had 14 spell levels left.
You knew the following spells:

 Your Spells              Type           Power      Damage    Failure   Level
a - Foxfire               Conj/Fire      100%       2x1d9     1%          1
b - Scorch                Fire           78%        2d8       1%          2

Your spell library contained the following spells:

 Spells                   Type           Power      Damage    Failure   Level
 Inner Flame              Hex/Fire       21%        N/A       9%          3
 Volatile Blastmotes      Fire/Tloc      42%        2d13      9%          3
 Flame Wave               Conj/Fire      31%        2d9       11%         4
 Slow                     Hex            16%        N/A       19%         1
 Hailstorm                Conj/Ice       14%        3d6       21%         3
 Cigotuvi's Dreadful Rot  Necr/Alch/Air  8%         N/A       28%         2
 Ensorcelled Hibernation  Hex/Ice        8%         N/A       28%         2
 Confusing Touch          Hex            4%         N/A       50%         3
 Passwall                 Erth           4%         N/A       50%         3
 Summon Ice Beast         Ice/Summ       4%         N/A       50%         3
 Swiftness                Air            4%         N/A       50%         3
 Vampiric Draining        Necr           4%         2d6       50%         3
 Dispel Undead            Necr           4%         3d7       88%         4
 Martyr's Knell           Necr/Summ      4%         N/A       88%         4
 Permafrost Eruption      Ice/Erth       2%         2x4d2     100%        6
 Sculpt Simulacrum        Ice/Alch       2%         N/A       100%        6


Dungeon Overview and Level Annotations

Branches:
Dungeon (7/15) Zot: 40125   Sewer (visited)
 Temple: D:4-7

Altars:
Ashenzari
Cheibriados
Hepliaklqana
Zin

Shops:
D:6 =

Annotations:
D:3 1 runed translucent door, Crazy Yiuf
D:5 Duvessa


Innate Abilities, Weirdness & Mutations

Your spellcasting is much less encumbered by armour.
You can use scrolls of enchantment on lesser artefacts.


Message History

The kobold brigand is almost dead.
You feel sick.
You hear a shout!
The kobold hits you but does no damage. The sleepcap barely misses you.
The kobold barely misses you.
Unknown command.
Unknown command.
Casting: Scorch (safe; 1% risk of failure)
Confirm with . or Enter, or press ? or * to list all spells.
Flames lash the kobold.
You kill the kobold!
Cheibriados appreciates the change of pace.
You feel sick. The sleepcap releases spores at you.
The sleepcap releases spores at you but does no damage.
Casting: Scorch (safe; 1% risk of failure)
Confirm with . or Enter, or press ? or * to list all spells.
Flames lash the kobold brigand.
The kobold brigand is burned terribly!
You kill the kobold brigand!
Cheibriados appreciates the change of pace.
You feel sick.
You hear a shout! x2
A gnoll sergeant comes into view. It is wielding a +0 trident.
The sleepcap releases spores at you.
You are engulfed in a cloud of soporific spores!
You fall asleep.
You feel sick. The sleepcap completely misses you.
You feel sick. The sleepcap releases spores at you!!
You wake up.
* * * LOW HITPOINT WARNING * * *
You are engulfed in a cloud of soporific spores!
You are unaffected.
A gnoll comes into view. It is wielding a +0 halberd.
You fade into invisibility!
You feel sick. The sleepcap releases spores at you.
* * * LOW HITPOINT WARNING * * *
The sleepcap barely misses you.
Okay, then.
Okay, then.
You feel sick. The sleepcap misses you.
You feel yourself speed up.
You feel sick.
You are no longer poisoned.
The sleepcap misses you.
A gnoll comes into view.
It is wielding a +0 club and carrying a wand of roots.
The sleepcap releases spores at you.
* * * LOW HITPOINT WARNING * * *
You are engulfed in a cloud of soporific spores!
You fall asleep.
The gnoll sergeant hits you from afar with a +0 trident!
You die...
Cheibriados appreciates the motionlessness of death.

................#
........).......######
................##... ..
........##......##.###.#
........................
................##.###.#
................>....#.#
##.#.##.###.##...#.#.#.#
#.#.##......#<.@#...#.#
#
#...######..#.#.f.....#
.# ...#.#g.####..##
...###.#g.)....... ....
#.##.#....... ...
###.##)#.....## #.
#...g.)......#
#.#.##.#.##..# #. #.#.#
..#


You could see a sleepcap (unable to see you), a gnoll sergeant (unable to see
you) and 2 gnolls.

Vanquished Creatures
  Sigmund (D:3)
  A wraith (D:5)
  A black bear (D:6)
  2 ogres
  A centaur (D:6)
  A kobold brigand (D:7)
  3 bullfrogs
  A howler monkey (D:3)
  2 bombardier beetles (D:4)
  A jelly (D:5)
  An orc priest (D:4)
  A sleepcap (D:6)
  6 hounds
  4 iguanas
  3 orc wizards
  Ijyb (D:3)
  13 adders
  6 gnolls
  2 river rats (Sewer)
  2 ufetubi (D:6)
  2 ribbon worms (D:6)
  17 orcs
  19 ball pythons
  3 bats (D:1)
  6 endoplasms
  3 giant cockroaches
  30 goblins
  33 hobgoblins
  2 jackals (D:1)
  3 quokkas
  5 frilled lizards
  14 kobolds
  20 rats
210 creatures vanquished.

Vanquished Creatures (others)
  258 foxfires
258 creatures vanquished.

Grand Total: 468 creatures vanquished

Notes
Turn   | Place    | Note
-------+----------+-------------------------------------------
     0 | D:1      | GeoRichter the Mountain Dwarf Fire Elementalist began the
                  | quest for the Orb.
     0 | D:1      | Reached XP level 1. HP: 14/14 MP: 3/3
   135 | D:1      | Reached skill level 4 in Fire Magic
   241 | D:1      | Reached XP level 2. HP: 20/20 MP: 1/4
   452 | D:1      | Learned a level 2 spell: Scorch
   485 | D:1      | Reached skill level 5 in Fire Magic
   626 | D:1      | Reached XP level 3. HP: 26/26 MP: 0/5
  1391 | D:2      | Found a faded altar of an unknown god.
  2111 | D:3      | Noticed Sigmund
  2181 | D:2      | Reached XP level 4. HP: 10/33 MP: 1/7
  2383 | D:3      | Noticed Ijyb
  2398 | D:3      | Killed Ijyb
  2399 | D:3      | Reached skill level 6 in Fire Magic
  2664 | D:3      | Found a glowing silver altar of Zin.
  2742 | D:3      | Killed Sigmund
  2743 | D:3      | Reached skill level 7 in Fire Magic
  2743 | D:3      | Reached XP level 5. HP: 38/38 MP: 3/9
  2743 | D:3      | Reached XP level 6. HP: 45/45 MP: 3/10
  2820 | D:3      | Reached skill level 1 in Conjurations
  3477 | D:3      | Found a runed translucent door.
  3478 | D:3      | Noticed Crazy Yiuf
  3985 | D:4      | Found a hazy altar of Hepliaklqana.
  4037 | D:4      | Reached skill level 8 in Fire Magic
  4413 | D:4      | Reached XP level 7. HP: 50/50 MP: 8/12
  5691 | D:5      | Entered Level 5 of the Dungeon
  6039 | D:5      | Noticed a wraith
  6054 | D:5      | Killed a wraith
  6055 | D:5      | Reached skill level 9 in Fire Magic
  6264 | D:5      | Identified the +4 short sword of Circular Logic {freeze,
                  | rPois}
  6395 | D:5      | Reached XP level 8. HP: 58/58 MP: 9/14
  6439 | D:5      | Noticed Duvessa
  6480 | D:6      | Reached skill level 1 in Fighting
  6485 | D:6      | Reached skill level 1 in Armour
  6622 | D:6      | Found a glowing drain.
  6627 | Sewer    | Entered a sewer
  7248 | D:6      | Found a broken altar of Ashenzari.
  7585 | D:6      | Found Nalyfof's Jewellery Boutique.
  8061 | D:6      | Reached skill level 5 in Spellcasting
  8340 | D:7      | Found a snail-covered altar of Cheibriados.
  8464 | D:7      | Became a worshipper of Cheibriados the Contemplative
  8529 | D:7      | Slain by a gnoll sergeant

Illustrated notes

Levels and vault maps discovered:
D:1:      elethiomel_arrival_infinity_welcomes_careful_drivers, layout_rooms
D:2:      layout_basic, chequers_ecumenical_altar_island
D:3:      layout_loops_ring, nicolae_overflow_hidden_temple,
          wander_ebering_terrifying_dragon_lair, uniq_ijyb,
          uniq_crazy_yiuf_cottage, uniq_sigmund
D:4:      minmay_goblin_kobold_castle, layout_basic, lemuel_tele_altar
D:5:      layout_cave_pools, uniq_duvessa
D:6:      layout_basic, mainiacjoe_overflow_catwalk, lightli_sewer_entry_pipes,
          serial_shops, nicolae_shop_trees
D:7:      layout_basic, mainiacjoe_overflow_alcove_2, tso_altar,
          minmay_temple_entry_antechambers

Skill      XL: |  1  2  3  4  5  6  7  8 |
---------------+-------------------------+-----
Fire Magic     | 4 5 7 8 9 |  9.0
Spellcasting   | 2 3 4 5 |  5.1
Conjurations   | 1 3 4 |  4.8
Fighting       | 3 |  3.3
Armour         | 3 |  3.6
Dodging        | |  1.3
Stealth        | |  1.4
Invocations    | |  0.6

Action                     |  1- 3 |  4- 6 |  7- 9 || total
---------------------------+-------+-------+-------++-------
  Melee: Unarmed           |    22 |       |       ||    22
         Whip              |    11 |       |       ||    11
         Rapier            |     7 |     4 |       ||    11
         Club              |       |    27 |     6 ||    33
         Short sword       |       |       |     2 ||     2
   Cast: Foxfire           |    34 |    16 |   100 ||   150
         Scorch            |    16 |    44 |    96 ||   156
  Evoke: Wand              |       |     1 |     6 ||     7
    Use: Scroll            |     3 |     2 |     9 ||    14
         Potion            |     1 |     1 |     2 ||     4
 Armour: Robe              |    12 |       |       ||    12
         Ring mail         |    12 |     7 |       ||    19
         Leather armour    |       |    11 |   105 ||   116
  Dodge: Dodged            |    41 |    36 |   126 ||   203
  Block: Buckler           |     2 |    10 |    18 ||    30

Table legend: (Time is in decaauts)
 A = Elapsed time spent in this place.
 B = Non-inter-level travel time spent in this place.
 C = Inter-level travel time spent in this place.
 D = Time resting spent in this place.
 E = Time spent auto-exploring this place.
 F = Levels seen in this place.
 G = Mean time per level.
                   A        B        C        D        E       F      G
               +--------+--------+--------+--------+--------+-----+--------+
         Total |   8673 |   8438 |    235 |    635 |   6271 |   8 | 1084.1 |
       Dungeon |   8111 |   7876 |    235 |    617 |   5916 |   7 | 1158.7 |
         Sewer |    561 |    561 |      0 |     18 |    354 |   1 |  561.0 |
               +--------+--------+--------+--------+--------+-----+--------+

Top non-repeatable levels by time:
     D:4: 2048 daAuts
     D:3: 1378 daAuts
     D:6: 1333 daAuts
     D:2: 1168 daAuts
     D:1: 1129 daAuts
     D:5: 776 daAuts
   Sewer: 561 daAuts
     D:7: 276 daAuts
